 Dungeon Crawl Stone Soup version 0.26.1-11-gd32895ea62 (webtiles) character file.

Game seed: 14915892035573395773

41 Zeld the Grasshopper (level 3, -2/24 HPs)
             Began as an Octopode Warper on May 19, 2021.
             Slain by Robin
             ... wielding a +0 spear
              (8 damage)
             ... on level 2 of the Dungeon.
             The game lasted 00:03:35 (1538 turns).

Zeld the Grasshopper (Octopode Warper)              Turns: 1538, Time: 00:03:36

Health: -2/24      AC:  1    Str: 11    XL:     3   Next: 52%
Magic:  7/7        EV: 13    Int: 15    God:
Gold:   35         SH:  0    Dex: 11    Spells: 7/7 levels left

rFire    . . .     SeeInvis .   a - +0 falchion
rCold    . . .     Faith    .   (no shield)
rNeg     . . .     Spirit   .   (helmet restricted)
rPois    .         Reflect  .   (no amulet)
rElec    .         Harm     .   (no ring)
rCorr    .         Rampage  .   (no ring)
Will     .....                  (no ring)
Stlth    ++........             (no ring)
HPRegen  0.08/turn              (no ring)
MPRegen  0.10/turn              (no ring)
                                (no ring)
                                (no ring)

@: no status effects
A: almost no armour, stealthy swim, amphibious, 8 rings, constrict 8, camouflage
1, gelatinous body 1
a: no special abilities


You were on level 2 of the Dungeon.
You visited 1 branch of the dungeon, and saw 2 of its levels.

You collected 35 gold pieces.

Inventory:

Hand Weapons
 a - a +0 falchion (weapon)
Scrolls
 c - a scroll of blinking
 e - a scroll of identify {unknown}
Potions
 b - a potion of mutation {unknown}
 d - a potion of degeneration {unknown}
 f - a potion of berserk rage {unknown}


   Skills:
 - Level 2.0 Fighting
 * Level 3.0 Long Blades
 - Level 1.0 Throwing
 - Level 2.3 Dodging
 * Level 2.9 Spellcasting
 - Level 3.0 Translocations


You had 7 spell levels left.
You didn't know any spells.
Your spell library contained the following spells:

 Spells                   Type           Power        Failure   Level
 Blink                    Tloc           N/A          9%          2
 Gell's Gravitas          Tloc           5%           19%         3
 Lesser Beckoning         Tloc           5%           19%         3
 Teleport Other           Tloc           11%          19%         3
 Passage of Golubria      Tloc           N/A          52%         4


Dungeon Overview and Level Annotations

Branches:
Dungeon (2/15)

Altars:

Annotations:
D:2 Robin


Innate Abilities, Weirdness & Mutations

You cannot wear most types of armour.
You are very stealthy in the water. (Stealth+)
You are amphibious.
You can wear up to eight rings at the same time.
You can use your tentacles to constrict eight enemies at once.
Your skin changes colour to match your surroundings (Stealth+).
Your rubbery body absorbs attacks. (AC +1, EV +1)


Message History

Robin throws the goblin at you! The goblin closely misses you.
Robin roars a battlecry!
You closely miss the goblin. Your grab misses the goblin.
The goblin closely misses you.
You closely miss the goblin. Your grab misses the goblin.
The goblin hits you with a +0 club.
* * * LOW HITPOINT WARNING * * *
Robin closely misses you.
You hit the goblin. You grab the goblin. You squeeze the goblin.
You kill the goblin!
Robin hits you but does no damage.
Things that are here:
a +0 club; a +0 dagger Robin says, "My goblins will feast on your bones."
You see here a stone.
Memorise Blink, consuming 2 spell levels and leaving 5?
You start memorising the spell.
You continue memorising.
Robin hits you from afar with a +0 spear!
Your memorisation is interrupted.
You die...

#######
#.....#
#.....###
###........
#g.......#
#(#@.....#
#g###.##.#
#)# .# #)#
# #)# #)#
#.. ####


You could see Robin.

Vanquished Creatures
  3 dart slugs (D:1)
  A leopard gecko (D:1)
  A ball python (D:1)
  6 bats (D:1)
  A giant cockroach (D:1)
  7 goblins
  5 hobgoblins (D:1)
  A frilled lizard (D:1)
  3 kobolds (D:1)
  4 rats (D:1)
32 creatures vanquished.

Vanquished Creatures (others)
  5 plants (D:1)
5 creatures vanquished.

Grand Total: 37 creatures vanquished

Notes
Turn   | Place    | Note
-------+----------+-------------------------------------------
     0 | D:1      | Zeld the Octopode Warper began the quest for the Orb.
     0 | D:1      | Reached XP level 1. HP: 14/14 MP: 3/3
   248 | D:1      | Reached XP level 2. HP: 19/19 MP: 5/5
   820 | D:1      | Reached XP level 3. HP: 23/24 MP: 6/6
  1517 | D:2      | Noticed Robin
  1538 | D:2      | Slain by Robin

Illustrated notes

Levels and vault maps discovered:
D:1:      dpeg_arrival_long_road, layout_basic, corexii_leaking_fountain,
          minmay_shallow_snake_nest
D:2:      layout_loops_corners, serial_rivers, chequers_serial_rivers_small_3,
          chequers_serial_rivers_micro_d, chequers_serial_rivers_small_b,
          chequers_serial_rivers_small_a, minmay_circle_x, uniq_robin,
          uniq_crazy_yiuf_cottage

Skill      XL: |  1  2  3 |
---------------+----------+-----
Long Blades    | 3 |  3.0
Fighting       | |  2.0
Throwing       | |  1.0
Dodging        | |  2.3
Spellcasting   | |  2.9
Translocations | |  3.0

Action                   || total
-------------------------++-------
Melee: Falchion          ||    64
       Constrict         ||    22
       Tentacles         ||     8
Throw: Boomerang         ||     5
 Stab: Sleeping          ||     3
Armor: Skin              ||     7
Dodge: Dodged            ||    49
       Rpst.: Falchion   ||    12
